 Dungeon Crawl Stone Soup version 0.30-b1-2-g02819fbbbe (webtiles) character file.

Game seed: 17077957321915845731

49788 AurumCu the Fencer (level 14, -10/118 HPs)
             Began as a Merfolk Gladiator on June 8, 2023.
             Was the Champion of Okawaru.
             Mangled by an acid blob (33 damage)
             ... on level 1 of the Pits of Slime on Dec 14, 2023.
             The game lasted 01:17:00 (18168 turns).

AurumCu the Fencer (Merfolk Gladiator)             Turns: 18168, Time: 01:17:00

Health: -10/118    AC:  2    Str: 14    XL:     14   Next: 52%
Magic:  0/20       EV: 23    Int:  7    God:    Okawaru [******]
Gold:   990        SH:  0    Dex: 20    Spells: 13/16 levels left

rFire   . . .        O - +4 triple sword (elec)
rCold   x . .        (shield currently unavailable)
rNeg    + . .        I - +2 steam dragon scales
rPois   +            R - +2 hat
rElec   .            E - +2 ratskin cloak {*Rats rPois rN+ Str-1 Int-1 Dex+1}
rCorr   .            B - +0 pair of gloves
SInv    +            a - +0 pair of boots
Will    +....        F - amulet of guardian spirit
Stlth   ++++         K - ring of see invisible
HPRegen 0.39/turn    b - +4 ring of protection
MPRegen 0.17/turn

%: guardian spirit
@: mighty, corroded, invisible
A: (nimble swimmer 2), mertail, cold vulnerability 1
a: Renounce Religion, Heroism, Finesse, Duel


You were on level 1 of the Pits of Slime.
You worshipped Okawaru.
Okawaru was exalted by your worship.
You visited 3 branches of the dungeon, and saw 16 of its levels.

You collected 990 gold pieces.

Inventory:

Hand Weapons
 g - the +9 long sword of the Mordant God {drain, rN+ Dex+4}
   (You found it on level 3 of the Dungeon)

   Dex:       It affects your dexterity (+4).
   rN:        It protects you from negative energy.
 L - the +4 long sword of the Establishment {flame, rPois}
   (You found it on level 8 of the Dungeon)

   rPois:     It protects you from poison.
 O - a +4 triple sword of electrocution (weapon)
Missiles
 d - 3 throwing nets
 e - a javelin
 f - 38 poisoned darts
 H - 6 atropa-tipped darts
 N - 12 boomerangs of dispersal
 W - 3 curare-tipped darts
 X - 2 silver javelins
Armour
 a - a +0 pair of boots (worn)
 s - a +0 cloak
 B - a +0 pair of gloves (worn)
 E - the +2 ratskin cloak (worn) {*Rats rPois rN+ Str-1 Int-1 Dex+1}
   (You found it on level 7 of the Dungeon)

   *Rats:     When the wearer is hurt, rats may emerge from it to assist them.
   Str:       It affects your strength (-1).
   Int:       It affects your intelligence (-1).
   Dex:       It affects your dexterity (+1).
   rPois:     It protects you from poison.
   rN:        It protects you from negative energy.
 I - +2 steam dragon scales (worn)
 R - a +2 hat (worn)
Jewellery
 b - a +4 ring of protection (right hand)
 h - a +6 ring of intelligence
 i - an amulet of reflection
 F - an amulet of guardian spirit (around neck)
 K - a ring of see invisible (left hand)
 V - an amulet of faith
Wands
 l - a wand of roots (8)
 t - a wand of polymorph (15)
 w - a wand of flame (4) (quivered)
 U - a wand of mindburst (5)
Scrolls
 m - 4 scrolls of fear
 p - 8 scrolls of poison
 q - 3 scrolls of magic mapping
 u - a scroll of identify
 C - 5 scrolls of teleportation
 D - 4 scrolls of immolation
 J - 2 scrolls of fog
 Q - a scroll of silence
 S - 2 scrolls of enchant weapon
Potions
 j - 2 potions of flight
 k - 4 potions of brilliance
 n - 2 potions of haste
 r - 2 potions of lignification
 z - 3 potions of attraction
 A - 4 potions of curing
 G - a potion of might
 M - a potion of ambrosia
 T - a potion of invisibility


   Skills:
 * Level 13.4 Fighting
 * Level 18.0 Long Blades
 + Level 0.7 Ranged Weapons
 + Level 2.5 Throwing
 + Level 2.8 Armour
 * Level 15.4 Dodging
 + Level 7.7 Stealth
 + Level 1.5 Spellcasting
 + Level 0.1 Conjurations
 + Level 0.1 Air Magic
 + Level 0.4 Poison Magic
 * Level 8.3 Invocations


You had 13 spell levels left.
You knew the following spells:

 Your Spells              Type           Power      Damage    Failure   Level
b - Mephitic Cloud        Conj/Pois/Air  0%         N/A       73%         3

Your spell library contained the following spells:

 Spells                   Type           Power      Damage    Failure   Level
 Poisonous Vapours        Pois/Air       0%         N/A       50%         2
 Spider Form              Tmut/Pois      0%         N/A       73%         3
 Freezing Cloud           Conj/Ice/Air   0%         6-21      100%        5
 Conjure Ball Lightning   Conj/Air       0%         3x3d6     100%        6
 Dispersal                Tloc           0%         N/A       100%        6
 Discord                  Hex            0%         N/A       100%        8
 Disjunction              Tloc           0%         N/A       100%        8


Dungeon Overview and Level Annotations

Branches:
Dungeon (9/15)             Temple (0/1) D:5            Lair (5/5) D:9
  Swamp (0/4) Lair:3        Snake (0/4) Lair:3        Slime (2/5) Lair:5
    Orc: D:9-12

Altars:
Dithmenos
Elyvilon
Makhleb
Okawaru
Qazlal
Ru
Sif Muna
Trog
Uskayaw
Vehumet
Wu Jian
Xom
Yredelemnul
Zin
Jiyva
Lugonu

Shops:
D:6 :   D:8 *

Portals:
Abyss: Lair:5

Annotations:
D:5 1 runed translucent door, Nobody9876's ghost, novice HuBe
D:6 1 runed translucent door, Frank's ghost, novice DsFi
Lair:3 2 transporters, raph's ghost, journeyman MfGl


Innate Abilities, Weirdness & Mutations

((You are very nimble when in or above water. (Stealth+, EV+, Speed+++)))
Your lower body shifts to a powerful aquatic tail in water.
You are vulnerable to cold. (rC-)


Message History

You see here the +0 ring mail "Lucerih" {-Tele Str+3 Dex+3}.
The acid blob spits acid at you. The splash of acid hits you!!
The acid corrodes you! The slime creature barely misses you.
The slime creature quivers.
Press: ? - help, v - describe, . - travel, g - get item Item here: the +0 ring mail "Lucerih" {-Tele Str+3 Dex+3}.
The floor.
You slice the slime creature like a ripe choko!!!
Lightning courses through the slime creature!
You kill the slime creature!
Okawaru accepts your kill.
Your Long Blades skill increases to level 18!
The slime creature quivers.
You carve the acid blob like a ham!!!
Your hands burn!
The acid blob is heavily wounded.
The slime creature quivers. x2
The acid blob closely misses you.
The slime creature quivers.
The slime creature quivers. x2
You slice the acid blob!!
Lightning courses through the acid blob!
Your hands burn!
The acid blob is almost dead.
The acid blob hits you!!
You are splashed with acid.
You barely miss the acid blob.
The acid blob is almost dead.
The acid blob hits you!!
* * * LOW HITPOINT WARNING * * *
You are splashed with acid!
* * * LOW HITPOINT WARNING * * *
You feel much better. The acid blob spits acid at you.
The splash of acid hits you!
* * * LOW HITPOINT WARNING * * *
The acid corrodes you!
You barely miss the acid blob.
The acid blob is almost dead.
The acid blob hits you!!!
You die...

...#......# ##.#....# ### ###.
.J....J....##.......####.## ##...
..........J.#...#....##...###....
....JJJ..........#..##.#.#.##....
...J............#..........###...
................##..........#....
.>..J...##...J.###...............
...J....#....JJ#...............<.
.J...........JJJ@................
........##.##JJ#.....#...#..#....
J........## #####....#...#####...
......... ##.......####....
......... ##.##.....##....
###...... ###.......##...
#.......###### #..........##
##.....##.##


You could see an acid blob and 7 slime creatures.

Vanquished Creatures
  Gastronok (Lair:2)
  An azure jelly (Slime:1)
  A great orb of eyes (Slime:1)
  3 hydras
  A boulder beetle (Lair:4)
  6 death yaks
  3 thrashing horrors (Lair:5)
  4 skysharks
  Pikel (D:4)
  A necromancer (D:9)
  A lindwurm (Lair:4)
  4 oklob plants (Lair:2)
  2 ugly things (Lair:5)
  A shining eye (Slime:1)
  8 black mambas
  An elephant (Lair:4)
  A torpor snail (Lair:4)
  13 cane toads
  4 smoke demons (Lair:5)
  6 komodo dragons
  A rime drake (Lair:2)
  2 ancient zymes (Lair:5)
  A polar bear (Lair:1)
  A troll (D:9)
  A tyrant leech (Lair:3)
  20 blink frogs
  7 dream sheep
  27 slime creatures
  A spriggan (Lair:4)
  8 basilisks
  4 wyverns
  19 yaks
  Grum (D:9)
  3 steam dragons
  3 chaos spawn (Lair:5)
  3 swamp worms (Lair:3)
  12 water moccasins
  Edmund (D:4)
  2 orc warriors
  3 black bears
  2 ogres
  9 wolves
  9 small abominations (Lair:5)
  5 centaurs
  3 lemures (D:4)
  A kobold brigand (D:8)
  Blork the orc (D:5)
  14 bullfrogs
  3 scorpions
  8 wights
  12 killer bees
  8 howler monkeys
  Crazy Yiuf (D:4)
  4 jellies
  6 orc priests
  5 hounds
  2 gnoll boudas
  Jessica (D:2)
  3 sleepcaps (D:5)
  Terence (D:2)
  2 iguanas
  3 orc wizards (D:4)
  3 hell rats (D:7)
  2 polar bear simulacra (D:9)
  3 yak simulacra (D:9)
  3 wolf simulacra (D:9)
  6 adders
  11 gnolls
  20 river rats (D:7)
  2 white imps
  2 worms (D:2)
  A dart slug (D:1)
  22 orcs
  17 endoplasms
  4 giant cockroaches
  7 goblins
  7 hobgoblins
  7 quokkas
  7 ball pythons
  3 bats
  4 frilled lizards
  7 kobolds
  4 rats
  3 river rat simulacra (D:9)
431 creatures vanquished.

Vanquished Creatures (others)
  57 fungi
  122 plants
179 creatures vanquished.

Grand Total: 610 creatures vanquished

Notes
Turn   | Place    | Note
-------+----------+-------------------------------------------
     0 | D:1      | AurumCu the Merfolk Gladiator began the quest for the Orb.
     0 | D:1      | Reached XP level 1. HP: 16/16 MP: 1/1
   132 | D:1      | Reached XP level 2. HP: 19/23 MP: 2/2
   136 | D:1      | Reached skill level 4 in Long Blades
   646 | D:1      | Reached XP level 3. HP: 28/28 MP: 3/3
   985 | D:2      | Found a glowing silver altar of Zin.
  1162 | D:2      | Noticed Jessica
  1340 | D:2      | Killed Jessica
  1341 | D:2      | Reached XP level 4. HP: 28/34 MP: 4/4
  1440 | D:2      | Learned a level 2 spell: Poisonous Vapours
  1443 | D:2      | Noticed Terence
  1456 | D:2      | Killed Terence
  1457 | D:2      | Reached skill level 5 in Long Blades
  2069 | D:3      | Found an iron altar of Okawaru.
  2076 | D:3      | Became a worshipper of Warmaster Okawaru
  2080 | D:3      | Identified the +9 long sword of the Mordant God {drain, rN+
                  | Dex+4}
  2112 | D:3      | Reached XP level 5. HP: 41/41 MP: 5/5
  2216 | D:3      | Found a basalt altar of Yredelemnul.
  2701 | D:4      | Reached skill level 1 in Armour
  2702 | D:4      | Identified the +9 scale mail of Intense Birdsong {rN+
                  | Str+3}
  2839 | D:4      | Reached skill level 1 in Stealth
  2845 | D:4      | Reached skill level 6 in Long Blades
  2847 | D:4      | Reached XP level 6. HP: 43/47 MP: 6/6
  3110 | D:4      | Reached skill level 5 in Dodging
  3178 | D:4      | Noticed Edmund
  3191 | D:4      | Killed Edmund
  3191 | D:4      | Reached * piety under Okawaru
  3192 | D:4      | Reached skill level 7 in Long Blades
  3192 | D:4      | Reached XP level 7. HP: 53/53 MP: 7/7
  3201 | D:4      | Found a hide-covered altar of Uskayaw.
  3432 | D:4      | Found a runed translucent door.
  3433 | D:4      | Noticed Crazy Yiuf
  3438 | D:4      | Killed Crazy Yiuf
  3775 | D:4      | Found a shimmering blue altar of Sif Muna.
  4166 | D:5      | Entered Level 5 of the Dungeon
  4183 | D:5      | Reached skill level 8 in Long Blades
  4223 | D:5      | Reached ** piety under Okawaru
  4224 | D:5      | Reached XP level 8. HP: 61/61 MP: 8/8
  4394 | D:5      | Found a staircase to the Ecumenical Temple.
  4408 | D:5      | Reached skill level 9 in Long Blades
  4458 | D:5      | Noticed Blork the orc
  4463 | D:5      | Learned a level 3 spell: Mephitic Cloud
  4467 | D:5      | Noticed Nobody9876's ghost (novice HuBe)
  4467 | D:5      | Killed Blork the orc
  4491 | D:5      | Found a runed translucent door.
  4765 | D:5      | Noticed Pikel
  4843 | D:4      | Killed Pikel
  4843 | D:4      | Reached *** piety under Okawaru
  4844 | D:4      | Reached skill level 5 in Fighting
  4844 | D:4      | Reached skill level 10 in Long Blades
  4844 | D:4      | Reached skill level 1 in Spellcasting
  4844 | D:4      | Reached XP level 9. HP: 10/68 MP: 6/11
  5629 | D:6      | Found a runed translucent door.
  5629 | D:6      | Found a shimmering altar of Xom.
  5629 | D:6      | Noticed a +1 spear of chaos
  5629 | D:6      | Noticed Frank's ghost (novice DsFi)
  5751 | D:6      | Found a sacrificial altar of Ru.
  5992 | D:6      | Found Qufussyu's Book Shop.
  6299 | D:7      | Reached skill level 11 in Long Blades
  6445 | D:7      | Found a glowing silver altar of Zin.
  6445 | D:7      | Found a bloodstained altar of Trog.
  6446 | D:7      | Found a white marble altar of Elyvilon.
  6533 | D:7      | Reached skill level 1 in Invocations
  6587 | D:7      | Found the +2 ratskin cloak {*Rats rPois rN+ Str-1 Int-1
                  | Dex+1}
  6603 | D:7      | Reached **** piety under Okawaru
  7028 | D:7      | Found a radiant altar of Vehumet.
  7458 | D:8      | Reached XP level 10. HP: 53/77 MP: 7/12
  7463 | D:8      | Reached skill level 12 in Long Blades
  7662 | D:8      | Found a shadowy altar of Dithmenos.
  7663 | D:8      | Found Rethros's Changing Room.
  7819 | D:8      | Reached ***** piety under Okawaru
  7941 | D:8      | Found a stormy altar of Qazlal.
  7943 | D:8      | Found a burning altar of Makhleb.
  7958 | D:8      | Identified the +4 long sword of the Establishment {flame,
                  | rPois}
  8049 | D:8      | Found an ornate altar of the Wu Jian Council.
  8637 | D:9      | Noticed Grum
  8652 | D:9      | Killed Grum
  8654 | D:9      | Reached skill level 5 in Stealth
  8696 | D:9      | Found a staircase to the Lair.
  8721 | D:9      | Reached skill level 13 in Long Blades
  8915 | D:9      | Noticed a necromancer
  8925 | D:9      | Killed a necromancer
  8950 | D:9      | Reached XP level 11. HP: 86/86 MP: 8/14
  9187 | D:9      | Received a gift from Okawaru
  9248 | D:9      | Reached skill level 14 in Long Blades
  9633 | Lair:1   | Entered Level 1 of the Lair of Beasts
 10471 | Lair:2   | Reached skill level 10 in Dodging
 10521 | Lair:2   | Noticed an oklob plant
 10558 | Lair:2   | Noticed an oklob plant
 10568 | Lair:2   | Killed an oklob plant
 10569 | Lair:2   | Reached skill level 5 in Invocations
 10580 | Lair:2   | Killed an oklob plant
 10700 | Lair:2   | Noticed an oklob plant
 10723 | Lair:2   | Noticed an oklob plant
 10737 | Lair:2   | Killed an oklob plant
 10781 | Lair:2   | Killed an oklob plant
 10781 | Lair:2   | Received a gift from Okawaru
 11091 | Lair:2   | Noticed a six-headed hydra
 11122 | Lair:2   | Killed a four-headed hydra
 11123 | Lair:2   | Reached skill level 15 in Long Blades
 11128 | Lair:2   | Reached XP level 12. HP: 80/95 MP: 5/16
 11160 | Lair:2   | Received a gift from Okawaru
 11299 | Lair:2   | Noticed a skyshark
 11308 | Lair:2   | Killed a skyshark
 11425 | Lair:2   | Noticed Gastronok
 11446 | Lair:2   | Killed Gastronok
 11559 | Lair:2   | Reached skill level 10 in Fighting
 11563 | Lair:2   | Noticed a skyshark
 11575 | Lair:2   | Killed a skyshark
 11579 | Lair:2   | Received a gift from Okawaru
 12010 | Lair:3   | Found a staircase to the Swamp.
 12033 | Lair:3   | Identified the +0 ring mail of Diesinwa {rElec rN++ rCorr
                  | Int-5} (Okawaru gifted it to you on level 3 of the Lair of
                  | Beasts)
 12033 | Lair:3   | Received a gift from Okawaru
 12274 | Lair:3   | Noticed raph's ghost (journeyman MfGl)
 12284 | Lair:3   | Found a transporter.
 12285 | Lair:3   | Noticed a five-headed hydra
 12291 | Lair:3   | Noticed a skyshark
 12299 | Lair:3   | Killed a one-headed hydra
 12385 | Lair:3   | Killed a skyshark
 12386 | Lair:3   | Reached skill level 16 in Long Blades
 12408 | Lair:3   | Found a staircase to the Snake Pit.
 12409 | Lair:3   | Noticed a death yak
 12418 | Lair:3   | Found a transporter.
 13132 | Lair:4   | Reached XP level 13. HP: 100/106 MP: 16/18
 14160 | Lair:4   | Identified the +7 quarterstaff "Xoigu" {heavy, Str+3}
                  | (Okawaru gifted it to you on level 4 of the Lair of Beasts)
 14160 | Lair:4   | Received a gift from Okawaru
 14337 | Lair:5   | Entered Level 5 of the Lair of Beasts
 14980 | Lair:5   | Received a gift from Okawaru
 15160 | Lair:5   | Received a gift from Okawaru
 15177 | Lair:5   | Reached ****** piety under Okawaru
 15198 | Lair:5   | Reached skill level 17 in Long Blades
 15444 | Lair:5   | Got Pulov's Secrets of the Moving Bane
 15551 | Lair:5   | Reached XP level 14. HP: 46/116 MP: 13/19
 15895 | Lair:5   | Found a corrupted altar of Lugonu.
 15896 | Lair:5   | Found a one-way gate to the infinite horrors of the Abyss.
 15918 | Lair:5   | Identified the +4 spear "Aneiral" {heavy, rF+ Will+ Str-2
                  | Int+4}
 16010 | Lair:5   | Reached skill level 15 in Dodging
 16345 | Lair:5   | Received a gift from Okawaru
 16469 | Lair:5   | Found a staircase to the Slime Pits.
 16470 | Lair:5   | Found a viscous altar of Jiyva.
 16678 | Slime:1  | Entered Level 1 of the Pits of Slime
 17039 | Slime:1  | Gained mutation: You are vulnerable to cold. (rC-) [a
                  | shining eye]
 18053 | Slime:1  | Noticed an acid blob
 18053 | Slime:1  | Noticed an azure jelly
 18144 | Slime:1  | Killed an azure jelly
 18162 | Slime:1  | Identified the +0 ring mail "Lucerih" {-Tele Str+3 Dex+3}
                  | (Okawaru gifted it to you on level 1 of the Pits of Slime)
 18162 | Slime:1  | Received a gift from Okawaru
 18164 | Slime:1  | Reached skill level 18 in Long Blades
 18168 | Slime:1  | Mangled by an acid blob

Illustrated notes

Levels and vault maps discovered:
D:1:      dpeg_arrival_yet_another_circle, layout_basic
D:2:      layout_loops_ring, basic_altar, hangedman_abyss_or_decor_lesser_grid,
          uniq_terence, uniq_jessica
D:3:      layout_loops_ring, okawaru_trees_2, mainiacjoe_overflow_24_doors
D:4:      layout_loops_ring, kennysheep_orc_sif_temple,
          nicolae_uskayaw_dance_hall, amcnicky_mini_rare_corridor_liquid,
          uniq_crazy_yiuf_cottage, uniq_edmund
D:5:      layout_layer_cave, minmay_temple_entry_overgrown,
          ebering_ghost_sewer_d, uniq_pikel, uniq_blork_the_orc
D:6:      layout_cave_pools, nicolae_ru_sacrificial_ziggurat, ebering_ghost_xom,
          serial_shops, nicolae_square_shop
D:7:      wander_guarded_unrand_ratskin, layout_basic,
          chequers_temple_overflow_statue_of_worship,
          nicolae_vehumet_altar_sigil
D:8:      layout_loops_ring, nzn_wu_jian_contemplation,
          mainiacjoe_overflow_chevrons, mainiacjoe_overflow_catwalk_spiral,
          serial_aquarium, aquarium_bridge_island_small
          [aquarium_subvault_small_open, aquarium_subvault_window,
          aquarium_subvault_bridge, aquarium_subvault_window,
          aquarium_subvault_wall], aquarium_window_1, aquarium_window_double,
          aquarium_window_fake, aquarium_view_2e, aquarium_pool_five,
          nicolae_transmutations_shop, dreamdust_gnoll_shepherd
D:9:      layout_roguey, due_lair_maze_entry_diamond, eino_house_with_fridge,
          uniq_grum
Lair:1:   layout_cave_pods, eino_small_chamber_without_monster
Lair:2:   minmay_lair_oklob_tunnel, layout_hall_layers, uniq_gastronok
Lair:3:   layout_regular_city, minmay_swamp_entry_worms, dummy_snake_entry,
          gammafunk_ghost_arena, patterned_corridor
Lair:4:   nzn_winding_woodlands_medium [nzn_winding_woodlands_5x5_perimeter,
          nzn_winding_woodlands_5x15_pockets,
          nzn_winding_woodlands_5x5_checkerboard,
          nzn_winding_woodlands_5x5_cross,
          nzn_winding_woodlands_center_triple_pond,
          nzn_winding_woodlands_5x5_three, nzn_winding_woodlands_hourglass,
          nzn_winding_woodlands_5x15_sidewinder,
          nzn_winding_woodlands_5x5_open_star], layout_concentric_octagons,
          minmay_stone_trees_small, chequers_serial_rivers_large_b,
          grunt_forest_large_clearing_hut
Lair:5:   hellmonk_lair_end_abyssal_woods, layout_regular_city,
          nicolae_slime_entry_slimehenge
Slime:1:  layout_caves, cheibrodos_slime_lost_civilization_5
Slime:2:  cheibrodos_slime_lost_civilization_1, layout_caves

Skill      XL: |  1  2  3  4  5  6  7  8  9 10 11 12 13 14 |
---------------+-------------------------------------------+-----
Long Blades    | 4 5 6 7 8 10 11 13 15 16 17 18 | 18.0
Fighting       | 3 4 5 6 7 9 11 12 13 | 13.4
Armour         | 1 2 |  2.8
Stealth        | 1 2 3 4 5 6 7 |  7.7
Dodging        | 5 6 7 9 10 12 14 15 | 15.4
Spellcasting   | 1 |  1.5
Invocations    | 2 4 5 6 7 8 |  8.3
Ranged Weapons | |  0.7
Throwing       | |  2.5
Conjurations   | |  0.1
Air Magic      | |  0.1
Poison Magic   | |  0.4

Action                     |  1- 3 |  4- 6 |  7- 9 | 10-12 | 13-15 || total
---------------------------+-------+-------+-------+-------+-------++-------
  Melee: Long sword        |    81 |   106 |   191 |   514 |   379 ||  1271
         Punch             |     1 |     1 |       |    11 |    10 ||    23
         Triple sword      |       |       |       |    41 |   160 ||   201
   Fire: Sling             |       |       |       |     3 |       ||     3
  Throw: Dart              |       |     2 |       |     5 |       ||     7
         Javelin           |       |     1 |       |       |     5 ||     6
         Throwing net      |       |       |       |       |     1 ||     1
   Cast: Poisonous Vapours |       |     1 |       |       |       ||     1
         Mephitic Cloud    |       |       |     1 |       |       ||     1
 Invoke: Heroism           |       |       |     1 |     4 |       ||     5
         Finesse           |       |       |       |     2 |       ||     2
  Evoke: Wand              |       |       |       |       |     3 ||     3
    Use: Scroll            |     2 |     4 |     6 |     7 |     6 ||    25
         Potion            |     1 |     2 |       |       |     6 ||     9
   Stab: Sleeping          |       |     2 |    12 |     9 |     8 ||    31
         Distracted        |       |     1 |     1 |     2 |     2 ||     6
         Confused          |       |       |     2 |       |       ||     2
         Invisible         |       |       |       |       |     6 ||     6
 Armour: Leather armour    |    20 |     6 |    42 |       |       ||    68
         Skin              |       |     6 |       |       |       ||     6
         Steam dragon scal |       |       |       |   111 |   102 ||   213
  Dodge: Dodged            |    49 |    58 |   154 |   444 |   489 ||  1194
